[ AOE2 MATCH · #495736372 ]
UnrankedCelts vs Jurchens
Player's team · WIN
Rival team · LOSS
[ REPLAY ANALYSIS · EXTRACTED FROM THE RECORDED GAME ]
Feudal
9:51
Castle
22:05
Imperial
47:51
| APM avg | 61.9 |
| APM peak | 104 |
| eAPM avg | 34.3 |
| Villagers / military | 177 / 238 |
Focus
⚔️ 57.7% · 🌾 42.3%
Archer ×68 · Skirmisher ×59 · Spearman ×49 · Knight ×35 · Mangonel ×9 · Woad Raider ×6
Feudal
8:27
Castle
19:42
Imperial
48:13
| APM avg | 76.4 |
| APM peak | 114 |
| eAPM avg | 28.3 |
| Villagers / military | 174 / 125 |
Focus
⚔️ 36.2% · 🌾 63.8%
Cavalry Archer ×64 · Skirmisher ×27 · Iron Pagoda ×27 · Unknown (1908) ×21 · Scout Cavalry ×3 · Trebuchet (Packed) ×2
Match map
Initial resources + every placement click. Lines = walls · curves = elevation contours. ◆ gold · ⬟ stone · ● berries · ✦ relic · ◌ wall gap
Your base· ✓ Closed at 22:05 · 35t walls · no gate
Feroker's base· Open — 4t gap
Smoothed initial terrain · ◌ = detected wall gap · hover for details
Inputs per minute
— hK | Volg - - Feroker
Build order — hK | Volg
First 150 of 600 actions detected
| 0:01 | Create | Villager (Male) |
| 0:01 | Create | Villager (Male) |
| 0:02 | Build | House |
| 0:03 | Build | House |
| 0:04 | Create | Villager (Male) |
| 0:04 | Create | Villager (Male) |
| 0:05 | Create | Villager (Male) |
| 1:30 | Create | Villager (Male) |
| 1:30 | Create | Villager (Male) |
| 1:57 | Build | Lumber Camp |
| 1:58 | Create | Villager (Male) |
| 2:15 | Create | Villager (Male) |
| 2:15 | Create | Villager (Male) |
| 2:48 | Create | Villager (Male) |
| 3:11 | Create | Villager (Male) |
| 3:32 | Create | Villager (Male) |
| 3:51 | Create | Villager (Male) |
| 4:03 | Build | House |
| 4:04 | Build | House |
| 4:26 | Create | Villager (Male) |
| 4:46 | Create | Villager (Male) |
| 4:46 | Create | Villager (Male) |
| 4:59 | Build | Barracks |
| 5:02 | Create | Villager (Male) |
| 5:03 | Create | Villager (Male) |
| 5:15 | Create | Villager (Male) |
| 5:15 | Create | Villager (Male) |
| 5:42 | Create | Villager (Male) |
| 6:14 | Research | Loom |
| 6:34 | Create | Villager (Male) |
| 6:34 | Research | Loom |
| 6:43 | Build | Mining Camp |
| 7:11 | Build | Mill |
| 7:38 | Build | Palisade Wall |
| 7:41 | Research | Feudal Age |
| 7:41 | Research | Feudal Age |
| 8:04 | Build | Palisade Wall |
| 8:05 | Create | Militia |
| 8:26 | Create | Militia |
| 8:37 | Build | House |
| 8:38 | Build | Palisade Wall |
| 8:50 | Build | Palisade Gate |
| 8:53 | Build | Palisade Wall |
| 8:54 | Create | Militia |
| 8:54 | Create | Militia |
| 9:34 | Build | Palisade Wall |
| 9:51 | Age | Feudal Age |
| 9:52 | Research | Man-at-Arms (upgrade) |
| 9:58 | Build | Archery Range |
| 10:10 | Create | Villager (Male) |
| 10:20 | Build | House |
| 10:21 | Build | House |
| 10:37 | Build | Farm |
| 10:39 | Build | Farm |
| 10:42 | Create | Villager (Male) |
| 10:43 | Create | Villager (Male) |
| 10:45 | Build | Farm |
| 11:00 | Build | House |
| 11:00 | Create | Archer |
| 11:01 | Create | Archer |
| 11:03 | Create | Villager (Male) |
| 11:25 | Create | Villager (Male) |
| 11:27 | Build | House |
| 11:31 | Create | Archer |
| 11:40 | Create | Villager (Male) |
| 11:42 | Build | Farm |
| 11:44 | Build | Farm |
| 11:56 | Create | Villager (Male) |
| 11:57 | Create | Archer |
| 12:34 | Create | Villager (Male) |
| 12:35 | Build | Farm |
| 12:40 | Create | Villager (Male) |
| 12:42 | Build | Blacksmith |
| 12:46 | Build | Blacksmith |
| 12:49 | Create | Archer |
| 12:59 | Create | Spearman |
| 12:59 | Create | Spearman |
| 13:06 | Build | Farm |
| 13:25 | Research | Double-Bit Axe |
| 13:38 | Create | Archer |
| 13:42 | Build | Farm |
| 13:49 | Create | Villager (Male) |
| 14:05 | Create | Villager (Male) |
| 14:07 | Build | Farm |
| 14:11 | Build | Farm |
| 14:11 | Create | Archer |
| 14:11 | Create | Archer |
| 14:13 | Create | Villager (Male) |
| 14:24 | Create | Spearman |
| 14:42 | Create | Archer |
| 14:44 | Create | Villager (Male) |
| 14:45 | Create | Spearman |
| 15:33 | Research | Fletching |
| 15:34 | Create | Villager (Male) |
| 15:36 | Build | Mill |
| 15:43 | Create | Villager (Male) |
| 16:14 | Create | Villager (Male) |
| 16:15 | Create | Archer |
| 16:19 | Build | Archery Range |
| 16:23 | Create | Villager (Male) |
| 16:27 | Research | Padded Archer Armor |
| 16:30 | Create | Spearman |
| 16:30 | Create | Spearman |
| 16:40 | Build | Farm |
| 16:41 | Build | Farm |
| 16:45 | Build | Lumber Camp |
| 17:00 | Create | Villager (Male) |
| 17:30 | Create | Villager (Male) |
| 17:45 | Research | Wheelbarrow |
| 17:48 | Build | House |
| 17:48 | Build | House |
| 18:22 | Create | Archer |
| 18:23 | Create | Archer |
| 18:23 | Create | Archer |
| 18:32 | Create | Villager (Male) |
| 18:38 | Build | Market |
| 19:17 | Build | Lumber Camp |
| 19:19 | Research | Castle Age |
| 19:19 | Research | Castle Age |
| 19:45 | Create | Spearman |
| 19:46 | Create | Spearman |
| 19:50 | Create | Skirmisher |
| 19:50 | Create | Skirmisher |
| 19:57 | Create | Skirmisher |
| 20:13 | Create | Spearman |
| 20:13 | Create | Spearman |
| 20:36 | Create | Spearman |
| 20:43 | Research | Scale Barding Armor |
| 20:45 | Create | Archer |
| 20:46 | Create | Archer |
| 21:06 | Build | Farm |
| 21:34 | Create | Villager (Male) |
| 22:05 | Age | Castle Age |
| 22:09 | Build | Town Center |
| 22:15 | Build | Siege Workshop |
| 22:17 | Research | Bodkin Arrow |
| 22:20 | Research | Bow Saw |
| 22:23 | Create | Villager (Male) |
| 22:37 | Research | Crossbowman (upgrade) |
| 22:46 | Create | Villager (Male) |
| 23:02 | Create | Villager (Male) |
| 23:02 | Create | Villager (Male) |
| 23:16 | Create | Villager (Male) |
| 23:18 | Create | Mangonel |
| 23:23 | Create | Villager (Male) |
| 23:29 | Build | Farm |
| 23:39 | Create | Villager (Male) |
| 23:39 | Create | Villager (Male) |
| 23:54 | Build | Stable |
| 24:00 | Create | Villager (Male) |
Build order — Feroker
First 150 of 537 actions detected
| 0:02 | Create | Villager (Male) |
| 0:03 | Build | House |
| 0:04 | Build | House |
| 0:06 | Create | Villager (Male) |
| 0:06 | Create | Villager (Male) |
| 0:06 | Create | Villager (Male) |
| 1:28 | Create | Villager (Male) |
| 1:28 | Create | Villager (Male) |
| 1:38 | Create | Villager (Male) |
| 1:46 | Build | Lumber Camp |
| 2:08 | Create | Villager (Male) |
| 2:08 | Create | Villager (Male) |
| 2:46 | Create | Villager (Male) |
| 3:05 | Build | House |
| 3:12 | Create | Villager (Male) |
| 3:47 | Create | Villager (Male) |
| 4:09 | Create | Villager (Male) |
| 4:09 | Create | Villager (Male) |
| 4:09 | Create | Villager (Male) |
| 4:44 | Build | Mill |
| 4:47 | Create | Villager (Male) |
| 5:13 | Create | Villager (Male) |
| 5:13 | Create | Villager (Male) |
| 5:17 | Create | Villager (Male) |
| 5:50 | Create | Villager (Male) |
| 6:14 | Research | Feudal Age |
| 7:09 | Build | House |
| 7:28 | Create | Villager (Male) |
| 7:36 | Build | Barracks |
| 7:41 | Build | Palisade Wall |
| 7:44 | Build | Palisade Wall |
| 8:27 | Age | Feudal Age |
| 8:28 | Research | Loom |
| 8:29 | Create | Villager (Male) |
| 8:37 | Build | Stable |
| 8:52 | Create | Spearman |
| 8:57 | Create | Villager (Male) |
| 9:00 | Build | House |
| 9:16 | Create | Scout Cavalry |
| 9:17 | Create | Scout Cavalry |
| 9:18 | Research | Double-Bit Axe |
| 9:32 | Create | Villager (Male) |
| 9:46 | Create | Villager (Male) |
| 9:49 | Build | Farm |
| 9:52 | Build | Farm |
| 9:54 | Build | Farm |
| 10:15 | Build | House |
| 10:16 | Build | Palisade Wall |
| 10:17 | Build | Palisade Wall |
| 10:17 | Build | Palisade Wall |
| 10:27 | Create | Villager (Male) |
| 10:32 | Build | House |
| 10:33 | Build | Palisade Wall |
| 10:37 | Build | Farm |
| 10:44 | Build | Farm |
| 11:10 | Build | Palisade Wall |
| 11:17 | Create | Villager (Male) |
| 11:27 | Create | Scout Cavalry |
| 11:28 | Create | Villager (Male) |
| 11:29 | Build | Farm |
| 11:42 | Build | Farm |
| 11:42 | Create | Villager (Male) |
| 11:52 | Build | Farm |
| 11:54 | Build | Farm |
| 11:55 | Create | Villager (Male) |
| 12:00 | Build | Farm |
| 12:15 | Create | Villager (Male) |
| 12:18 | Create | Villager (Male) |
| 12:24 | Create | Villager (Male) |
| 12:34 | Build | Farm |
| 12:38 | Build | Farm |
| 12:39 | Create | Villager (Male) |
| 12:56 | Build | Mining Camp |
| 13:29 | Build | Farm |
| 13:52 | Build | Archery Range |
| 14:24 | Create | Skirmisher |
| 14:24 | Create | Skirmisher |
| 14:31 | Create | Villager (Male) |
| 14:39 | Build | House |
| 14:42 | Build | House |
| 14:45 | Create | Skirmisher |
| 14:56 | Create | Skirmisher |
| 14:56 | Create | Villager (Male) |
| 15:08 | Create | Villager (Male) |
| 15:11 | Create | Villager (Male) |
| 15:17 | Create | Villager (Male) |
| 15:29 | Create | Skirmisher |
| 15:29 | Create | Villager (Male) |
| 16:05 | Create | Villager (Male) |
| 16:28 | Build | Archery Range |
| 16:38 | Build | Palisade Wall |
| 16:49 | Build | Blacksmith |
| 17:02 | Research | Castle Age |
| 17:02 | Research | Castle Age |
| 17:17 | Create | Skirmisher |
| 17:17 | Create | Skirmisher |
| 17:32 | Create | Skirmisher |
| 17:32 | Create | Skirmisher |
| 17:48 | Research | Fletching |
| 17:48 | Research | Fletching |
| 17:55 | Build | Farm |
| 17:59 | Build | House |
| 18:11 | Research | Padded Archer Armor |
| 18:34 | Create | Skirmisher |
| 18:51 | Create | Villager (Male) |
| 18:56 | Build | Lumber Camp |
| 19:10 | Create | Skirmisher |
| 19:10 | Create | Skirmisher |
| 19:42 | Age | Castle Age |
| 19:45 | Research | Elite Skirmisher (upgrade) |
| 19:45 | Research | Elite Skirmisher (upgrade) |
| 19:48 | Create | Cavalry Archer |
| 19:49 | Create | Cavalry Archer |
| 20:09 | Create | Cavalry Archer |
| 20:09 | Create | Villager (Male) |
| 20:37 | Create | Villager (Male) |
| 20:43 | Create | Cavalry Archer |
| 20:44 | Create | Villager (Male) |
| 20:47 | Create | Cavalry Archer |
| 20:48 | Create | Villager (Male) |
| 20:59 | Create | Cavalry Archer |
| 21:05 | Build | Archery Range |
| 21:11 | Research | Bow Saw |
| 21:15 | Build | University |
| 21:28 | Create | Cavalry Archer |
| 21:29 | Create | Villager (Male) |
| 21:29 | Create | Villager (Male) |
| 21:33 | Build | Farm |
| 21:43 | Create | Cavalry Archer |
| 21:55 | Build | House |
| 22:08 | Build | Farm |
| 22:09 | Build | House |
| 22:10 | Create | Villager (Male) |
| 22:22 | Research | Ballistics |
| 22:23 | Research | Ballistics |
| 22:28 | Create | Villager (Male) |
| 22:40 | Create | Villager (Male) |
| 22:59 | Build | Siege Workshop |
| 23:00 | Create | Cavalry Archer |
| 23:00 | Create | Cavalry Archer |
| 23:02 | Create | Villager (Male) |
| 23:27 | Create | Cavalry Archer |
| 23:27 | Create | Cavalry Archer |
| 23:32 | Build | Market |
| 23:33 | Create | Villager (Male) |
| 23:51 | Create | Villager (Male) |
| 23:59 | Build | House |
| 24:15 | Create | Villager (Male) |
| 24:34 | Create | Skirmisher |
| 24:34 | Create | Skirmisher |
Match timeline
| 4:59 | hK | Volg · first_building Barracks |
| 7:36 | Feroker · first_building Barracks |
| 7:38 | hK | Volg · wall_segment Palisade Wall x10 |
| 7:41 | Feroker · wall_segment Palisade Wall x1 |
| 7:44 | Feroker · wall_segment Palisade Wall x1 |
| 8:04 | hK | Volg · wall_segment Palisade Wall x7 |
| 8:27 | Feroker · age_up feudal |
| 8:37 | Feroker · first_building Stable |
| 8:38 | hK | Volg · wall_segment Palisade Wall x5 |
| 8:53 | hK | Volg · wall_segment Palisade Wall x4 |
| 9:34 | hK | Volg · wall_segment Palisade Wall x9 |
| 9:51 | hK | Volg · age_up feudal |
| 9:58 | hK | Volg · first_building Archery Range |
| 10:16 | Feroker · wall_segment Palisade Wall x1 |
| 10:17 | Feroker · wall_segment Palisade Wall x1 |
| 10:17 | Feroker · wall_segment Palisade Wall x1 |
| 10:33 | Feroker · wall_segment Palisade Wall x1 |
| 11:10 | Feroker · wall_segment Palisade Wall x1 |
| 13:52 | Feroker · first_building Archery Range |
| 16:38 | Feroker · wall_segment Palisade Wall x1 |
| 19:42 | Feroker · age_up castle |
| 22:05 | hK | Volg · age_up castle |
| 22:12 | hK | Volg · first_market_buy 100 wood |
| 22:15 | hK | Volg · first_building Siege Workshop |
| 22:59 | Feroker · first_building Siege Workshop |
| 23:54 | hK | Volg · first_building Stable |
| 26:39 | hK | Volg · first_market_sell 100 food |
| 27:31 | Feroker · first_market_sell 100 stone |
| 31:16 | Feroker · first_market_buy 100 food |
| 32:22 | hK | Volg · first_building Castle |
| 43:50 | Feroker · first_building Castle |
| 44:27 | hK | Volg · first_building Monastery |
| 45:30 | Feroker · first_building Monastery |
| 47:51 | hK | Volg · age_up imperial |
| 48:13 | Feroker · age_up imperial |
| 51:33 | Feroker · resign |
[ AI ANALYSIS · 1 CREDIT ]
What really happened in this match?
Wolo.gg analyzes every decision: build order, eco, micro, common mistakes by bracket. Personalized analysis on WhatsApp or Discord in 30 seconds.
Civ guide
Celts
Perfil
Jugador #2295504